 Dungeon Crawl Stone Soup version 0.28.0 (webtiles) character file.

Game seed: 13762235458745496629

6000 zazu2006 the Covert (level 10, -10/87 HPs)
             Began as a Naga Hedge Wizard on Feb 11, 2022.
             Was a Follower of Vehumet.
             Mangled by a boulder beetle (23 damage)
             ... on level 9 of the Dungeon on Feb 12, 2022.
             The game lasted 00:32:17 (11844 turns).

zazu2006 the Covert (Naga Hedge Wizard)            Turns: 11844, Time: 00:32:18

Health: -10/87     AC:  7    Str: 14    XL:     10   Next: 85%
Magic:  1/21       EV: 11    Int: 17    God:    Vehumet [*.....]
Gold:   404        SH:  5    Dex: 17    Spells: 14/24 levels left

rFire   . . .      SeeInvis +   i - +0 short sword (protect)
rCold   . . .      Faith    .   t - +0 buckler
rNeg    . . .      Spirit   .   j - +0 leather armour
rPois   +          Reflect  .   x - +0 helmet of Wuisoryi {rElec}
rElec   +          Harm     .   (no cloak)
rCorr   .          Rampage  .   d - +0 pair of gloves
Will    ++...                   (no barding)
Stlth   ++++......              (no amulet)
HPRegen 0.24/turn               b - +6 ring of dexterity
MPRegen 0.17/turn               y - ring of willpower

@: about to teleport, very slow
A: AC +3, large, see invisible, deformed body, poison resistance, slowness 2,
spit poison 1, naga tail 1
a: Spit Poison, Renounce Religion


You were on level 9 of the Dungeon.
You worshipped Vehumet.
Vehumet was aware of your devotion.
You visited 2 branches of the dungeon, and saw 10 of its levels.

You collected 404 gold pieces.

Inventory:

Hand Weapons
 i - a +0 short sword of protection (weapon)
 q - a +0 long sword
Missiles
 p - 6 throwing nets
 z - 16 poisoned darts
Armour
 d - a +0 pair of gloves (worn)
 j - a +0 leather armour (worn)
 t - a +0 buckler (worn)
 x - the +0 helmet of Wuisoryi (worn) {rElec}
   (You found it on level 4 of the Dungeon)

   rElec:     It insulates you from electricity.
 E - a +1 ring mail of cold resistance
Jewellery
 b - a +6 ring of dexterity (left hand)
 k - a +6 ring of strength
 y - a ring of willpower (right hand)
Wands
 u - a wand of polymorph (18)
 A - a wand of paralysis (5)
 C - a wand of iceblast (6)
Scrolls
 g - a scroll of identify
 h - a scroll of amnesia
 l - a scroll of noise {unknown}
 m - 3 scrolls of fear
 n - a scroll of immolation {unknown}
 o - a scroll of silence {unknown}
 r - a scroll of enchant weapon {unknown}
 s - 6 scrolls of vulnerability
 v - 2 scrolls of teleportation
 B - a scroll of enchant armour {unknown}
 F - a scroll of brand weapon {unknown}
Potions
 a - a potion of heal wounds
 c - a potion of berserk rage
 e - 2 potions of cancellation
 f - 3 potions of degeneration
 w - a potion of brilliance
 D - 3 potions of curing
 G - a potion of lignification
 H - a potion of magic {unknown}


   Skills:
 + Level 4.8 Fighting
 - Level 1.5 Throwing
 + Level 4.1 Armour
 + Level 4.1 Dodging
 + Level 8.1 Stealth
 * Level 3.2 Shields
 + Level 7.7 Spellcasting
 + Level 6.2 Conjurations
 + Level 1.0 Summonings
 + Level 1.3 Translocations
 + Level 0.9 Fire Magic
 + Level 3.0 Air Magic
 + Level 5.5 Poison Magic
 + Level 1.5 Evocations


You had 14 spell levels left.
You knew the following spells:

 Your Spells              Type           Power      Damage    Failure   Level
a - Magic Dart            Conj           100%       1d8       1%          1
b - Mephitic Cloud        Conj/Pois/Air  23%        N/A       6%          3
c - Conjure Flame         Conj/Fire      18%        6-21      11%         3
d - Blink                 Tloc           22%        N/A       14%         2
e - Foxfire               Conj/Fire      72%        2x1d7     3%          1

Your spell library contained the following spells:

 Spells                   Type           Power      Damage    Failure   Level
 Slow                     Hex            24%        N/A       16%         1
 Call Imp                 Summ           10%        N/A       16%         2
 Scorch                   Fire           18%        2d5       17%         2
 Flame Wave               Conj/Fire      18%        2d6       36%         4
 Frozen Ramparts          Ice            12%        1d3       43%         3
 Summon Ice Beast         Ice/Summ       8%         N/A       78%         4
 Ice Form                 Ice/Tmut       6%         N/A       85%         4
 Summon Cactus Giant      Summ           5%         N/A       100%        6


Dungeon Overview and Level Annotations

Branches:
Dungeon (9/15)             Temple (1/1) D:4            Lair (0/6) D:8
    Orc: D:9-12

Altars:
Ashenzari
Cheibriados
Dithmenos
Elyvilon
Gozag
Kikubaaqudgha
Qazlal
Uskayaw
Vehumet
Zin

Shops:
D:1 (


Innate Abilities, Weirdness & Mutations

Your serpentine skin is tough. (AC +3)
You have supernaturally acute eyesight. (SInv)
Armour fits poorly on your strangely shaped body.
Your system is resistant to poisons. (rPois)
You cover ground very slowly.
You can spit poison.
You have a snake-like lower body.


Message History

Casting: Mephitic Cloud (dangerous; 6% risk of failure)
Confirm with . or Enter, or press ? or * to list all spells.
You don't have enough magic to cast this spell.
The boulder beetle hits you.
The boulder beetle stops rolling and uncurls.
The boulder beetle curls into a ball and begins rolling!
Casting: Mephitic Cloud (dangerous; 6% risk of failure)
Confirm with . or Enter, or press ? or * to list all spells.
Aiming: Mephitic Cloud (dangerous; 6% risk of failure)
Press: ? - help, Shift-Dir - straight line, f/p - boulder beetle
Aim: a boulder beetle (rolling, chance to affect: 43%)
The ball explodes into a vile cloud!
The stinking cloud engulfs the boulder beetle but does no damage.
The stinking cloud engulfs you but does no damage.
You hear an angry hiss.
The boulder beetle is engulfed in noxious fumes.
The boulder beetle hits you!!!
The boulder beetle stops rolling and uncurls.
You hear an angry hiss.
Unknown command.
You hit the boulder beetle but do no damage.
Your weapon exudes an aura of protection.
The boulder beetle is engulfed in noxious fumes.
The boulder beetle misses you.
The troll is engulfed in noxious fumes.
The troll appears confused.
The troll grins madly.
The troll bites the boulder beetle but does no damage.
The troll claws the boulder beetle but does no damage.
The troll claws the boulder beetle.
The boulder beetle is engulfed in noxious fumes.
The boulder beetle bites you!
Okay, then.
As you read the scroll of teleportation, it crumbles to dust.
You feel strangely unstable.
The troll is engulfed in noxious fumes.
The boulder beetle bites you!
* * * LOW HITPOINT WARNING * * *
Things that are here:
a +0 shortbow; 15 arrows; a centaur corpse The boulder beetle bites you!!
You die...

#.....###.##.#°○...°.##.##.
###### #.# #○###..#.##.#..
##.###.# #..#.......
#......# #.......#[.
##.##..###.#####.##.
#.##..#.>......B#..
#..#..#.....#####..
##B#........# #.<
#####@#.##.....# #..
#.......##.....# #.#
#####.########## #.. #.#
##. #.# . ..# . ### .


You could see a boulder beetle.

Vanquished Creatures
  Harold (D:7)
  An elephant (D:8)
  Prince Ribbit (D:6)
  A meliai zombie (D:8)
  2 wyverns (D:8)
  6 yaks (D:5)
  A wraith (D:7)
  A basilisk (D:8)
  Menkaure (D:5)
  2 water moccasins
  3 orc warriors
  A necrophage (D:6)
  An ice beast (D:5)
  A sky beast (D:6)
  A black bear (D:8)
  2 centaurs
  3 ogres
  A phantom (D:6)
  2 kobold brigands
  2 wyvern zombies
  A bullfrog (D:8)
  A gnoll sergeant (D:5)
  3 scorpions
  A water moccasin skeleton (D:5)
  A howler monkey (D:4)
  2 centaur zombies
  3 hounds
  2 jellies (D:6)
  2 orc priests (D:8)
  A centaur skeleton (D:7)
  6 orc wizards
  2 iguanas (D:6)
  A scorpion zombie (D:5)
  3 killer bee zombies
  A hound skeleton (D:5)
  12 gnolls
  3 adders
  A white imp (D:6)
  2 adder skeletons (D:4)
  3 worms
  3 dart slugs
  17 orcs
  4 bats
  An endoplasm (D:3)
  2 giant cockroaches
  8 hobgoblins
  3 jackals (D:2)
  5 quokkas
  6 ball pythons
  3 frilled lizards
  6 goblins
  21 kobolds
  4 rats
168 creatures vanquished.

Vanquished Creatures (others)
  2 plants (D:8)
2 creatures vanquished.

Grand Total: 170 creatures vanquished

Notes
Turn   | Place    | Note
-------+----------+-------------------------------------------
     0 | D:1      | zazu2006 the Naga Hedge Wizard began the quest for the Orb.
     0 | D:1      | Reached XP level 1. HP: 15/15 MP: 4/4
   180 | D:1      | Found Nabocs's Weapon Shoppe.
   272 | D:1      | Reached XP level 2. HP: 22/22 MP: 4/6
   972 | D:2      | Reached XP level 3. HP: 28/28 MP: 6/8
  1093 | D:2      | Learned a level 3 spell: Mephitic Cloud
  1097 | D:2      | Learned a level 3 spell: Conjure Flame
  1100 | D:2      | Learned a level 2 spell: Blink
  2067 | D:3      | Reached XP level 4. HP: 24/36 MP: 2/10
  2253 | D:3      | Reached XP level 5. HP: 25/43 MP: 2/11
  2262 | D:3      | Reached skill level 1 in Armour
  2712 | D:3      | Found a faded altar of an unknown god.
  3241 | D:3      | Identified the +1 scale mail of Noon {rElec Dex+2}
  3491 | D:4      | Found a staircase to the Ecumenical Temple.
  3523 | D:4      | Reached skill level 1 in Fighting
  3524 | D:4      | Identified the +0 helmet of Wuisoryi {rElec}
  3552 | Temple   | Entered the Ecumenical Temple
  3557 | Temple   | Became a worshipper of Vehumet
  3650 | D:4      | Reached skill level 1 in Poison Magic
  3650 | D:4      | Reached XP level 6. HP: 52/52 MP: 7/12
  4612 | D:5      | Entered Level 5 of the Dungeon
  4649 | D:5      | Reached XP level 7. HP: 44/58 MP: 8/14
  4765 | D:5      | Noticed a yak
  5213 | D:5      | Reached skill level 4 in Stealth
  5213 | D:5      | Reached skill level 5 in Spellcasting
  5269 | D:5      | Noticed Menkaure
  5454 | D:5      | Noticed a yak
  5462 | D:5      | Killed a yak
  5463 | D:5      | Reached skill level 1 in Air Magic
  5463 | D:5      | Reached XP level 8. HP: 62/67 MP: 12/15
  5469 | D:5      | Noticed a yak
  5473 | D:5      | Noticed a yak
  5645 | D:6      | Noticed Prince Ribbit
  5965 | D:6      | Reached skill level 1 in Evocations
  6595 | D:6      | Killed Prince Ribbit
  7080 | D:6      | Reached XP level 9. HP: 77/78 MP: 9/17
  7157 | D:6      | Found a white marble altar of Elyvilon.
  7237 | D:5      | Killed Menkaure
  7730 | D:5      | Reached skill level 5 in Stealth
  7756 | D:5      | Reached skill level 5 in Conjurations
  7756 | D:5      | Reached skill level 5 in Poison Magic
  7760 | D:5      | Reached skill level 6 in Stealth
  8191 | D:7      | Reached * piety under Vehumet
  8191 | D:7      | Offered knowledge of Freeze by Vehumet.
  8915 | D:7      | Noticed Harold
  9177 | D:7      | Reached skill level 1 in Shields
  9534 | D:6      | Reached XP level 10. HP: 72/87 MP: 15/20
  9922 | D:7      | Killed Harold
  9923 | D:7      | Reached skill level 1 in Throwing
  9923 | D:7      | Reached skill level 7 in Stealth
 10290 | D:8      | Offered knowledge of Foxfire by Vehumet.
 10295 | D:8      | Learned a level 1 spell: Foxfire
 10471 | D:8      | Found a staircase to the Lair.
 10798 | D:8      | Reached ** piety under Vehumet
 11053 | D:8      | Noticed an elephant
 11091 | D:8      | Killed an elephant
 11619 | D:8      | Reached skill level 8 in Stealth
 11801 | D:9      | Noticed a boulder beetle
 11844 | D:9      | Mangled by a boulder beetle

Illustrated notes

Levels and vault maps discovered:
D:1:      lightli_arrival_statue_moat, layout_rooms, serial_shops, shop,
          hangedman_feature_mirror
D:2:      layout_loops_cross, minmay_puff
D:3:      layout_basic, dreamdust_ecumenical_altar_grove,
          minmay_misc_feat_encased
D:4:      layout_loops_corners, minmay_temple_entry_drinking_statues
D:5:      layout_basic, uniq_menkaure
D:6:      layout_loops_ring, kennysheep_mini, uniq_prince_ribbit1
D:7:      layout_cave_pools, uniq_harold
D:8:      layout_loops_corners, david_lair_generic, wad_dig_loot
D:9:      kennysheep_steamy, layout_loops_cross, orc_0_dummy, serial_shops,
          nicolae_shop_bloodbath_and_beyond, minivault_22
Temple:   grunt_wide_crystal_templ

Skill      XL: |  1  2  3  4  5  6  7  8  9 10 |
---------------+-------------------------------+-----
Dodging        | 2 3 4 |  4.1
Spellcasting   | 4 5 6 7 |  7.7
Conjurations   | 2 3 4 5 6 |  6.2
Armour         | 1 2 3 4 |  4.1
Fighting       | 1 2 3 4 |  4.8
Poison Magic   | 1 2 4 5 |  5.5
Stealth        | 4 6 8 |  8.1
Air Magic      | 1 2 3 |  3.0
Evocations     | 1 |  1.5
Shields        | 1 3 |  3.2
Throwing       | 1 |  1.5
Summonings     | |  1.0
Translocations | |  1.3
Fire Magic     | |  0.9

Action                   |  1- 3 |  4- 6 |  7- 9 | 10-12 || total
-------------------------+-------+-------+-------+-------++-------
Melee: Short sword       |    16 |    52 |   210 |    85 ||   363
       Dagger            |     1 |       |       |       ||     1
       Punch             |       |     2 |     3 |     2 ||     7
Throw: Dart              |       |       |       |    13 ||    13
       Throwing net      |       |       |       |     1 ||     1
 Cast: Magic Dart        |    81 |    85 |   204 |    62 ||   432
       Mephitic Cloud    |     1 |     3 |    23 |    23 ||    50
       Conjure Flame     |       |       |     4 |    11 ||    15
       Blink             |       |       |     2 |     4 ||     6
 Abil: Spit Poison       |    10 |    15 |    40 |    19 ||    84
Evoke: Wand              |       |       |     6 |       ||     6
  Use: Scroll            |       |       |     9 |     4 ||    13
       Potion            |       |       |     7 |       ||     7
 Stab: Sleeping          |       |     1 |     1 |     2 ||     4
       Confused          |       |     1 |    11 |    11 ||    23
Armor: Robe              |     1 |       |       |       ||     1
       Leather armour    |    13 |    29 |   138 |    66 ||   246
Dodge: Dodged            |    22 |    31 |   186 |    68 ||   307
Block: Buckler           |       |       |       |     9 ||     9
